 Seeded DCSS version 0.29.0-11-gd7f09526c8 (webtiles) character file.

Game seed: 4849185376406641922 (custom seed)

44 nickcage the Poker (level 3, 0/27 HPs)
             Began as a Merfolk Gladiator on Sept 2, 2022.
             Slain by Terence
             ... wielding a +2 flail of holy wrath
              (7 damage)
             ... on level 2 of the Dungeon.
             The game lasted 00:02:33 (1704 turns).

nickcage the Poker (Merfolk Gladiator)              Turns: 1704, Time: 00:02:34

Health: 0/27       AC:  4    Str: 16    XL:     3   Next: 60%
Magic:  3/3        EV: 17    Int:  7    God:
Gold:   129        SH:  0    Dex: 17    Spells: 2/2 levels left

rFire   . . .      SeeInvis .   p - +2 spear of Causality {freeze, Dex+2}
rCold   . . .      Faith    .   (no shield)
rNeg    . . .      Spirit   .   b - +0 leather armour
rPois   .          Reflect  .   c - +0 helmet
rElec   .          Harm     .   (no cloak)
rCorr   .          Rampage  .   (no gloves)
Will    .....                   (no boots)
Stlth   +.........              (no amulet)
HPRegen 0.09/turn               j - +4 ring of evasion
MPRegen 0.08/turn               (no ring)

@: no status effects
A: (nimble swimmer 2), mertail
a: no special abilities


You were on level 2 of the Dungeon.
You visited 1 branch of the dungeon, and saw 2 of its levels.

You collected 129 gold pieces.

Inventory:

Hand Weapons
 a - a +0 trident
 p - the +2 spear of Causality (weapon) {freeze, Dex+2}
   (You found it on level 2 of the Dungeon)

   It freezes those it strikes, dealing additional cold damage.
   It can also slow down cold-blooded creatures.
   Dex:       It affects your dexterity (+2).
Missiles
 d - a throwing net (quivered)
Armour
 b - a +0 leather armour (worn)
 c - a +0 helmet (worn)
Jewellery
 j - a +4 ring of evasion (left hand)
 q - a ring of see invisible
Scrolls
 k - 2 scrolls of fear {unknown}
 l - a scroll of enchant armour {unknown}
 m - a scroll of teleportation {unknown}
 o - 2 scrolls of identify {unknown}
 s - a scroll of fog {unknown}
Potions
 f - 2 potions of heal wounds {unknown}
 g - a potion of haste {unknown}
 h - a potion of magic {unknown}
 i - 3 potions of might {unknown}
 n - a potion of lignification {unknown}
 r - a potion of cancellation {unknown}


   Skills:
 - Level 2.1 Fighting
 + Level 6.0 Polearms
 - Level 2.0 Throwing
 - Level 4.0 Dodging


You had 2 spell levels left.
You didn't know any spells.
Your spell library contained the following spells:

 Spells                   Type           Power      Damage    Failure   Level
 Magic Dart               Conj           0%         1d3       50%         1
 Searing Ray              Conj           0%         2d4       65%         2
 Gell's Gravitas          Tloc           0%         N/A       86%         3
 Lesser Beckoning         Tloc           0%         N/A       86%         3
 Ozocubu's Armour         Ice            0%         N/A       86%         3
 Teleport Other           Tloc           0%         N/A       86%         3
 Fulminant Prism          Conj/Hex       0%         3d6       99%         4
 Ozocubu's Refrigeration  Ice            0%         4d7       100%        7


Dungeon Overview and Level Annotations

Branches:
Dungeon (2/15)

Altars:

Annotations:
D:2 Terence


Innate Abilities, Weirdness & Mutations

((You are very nimble when in or above water. (Stealth+, EV+, Speed+++)))
Your lower body shifts to a powerful aquatic tail in water.


Message History

Terence struggles against the net.
You reach to attack!
You hit Terence but do no damage.
Terence is moderately wounded.
Terence struggles against the net.
You reach to attack!
You hit Terence but do no damage.
Terence is moderately wounded.
You reach to attack!
You hit Terence but do no damage.
Terence is moderately wounded.
Terence struggles against the net.
The net rips apart, and Terence comes free!
A kobold comes into view. It is wielding a +0 club.
You reach to attack!
The kobold shouts!
You hit Terence but do no damage.
Terence is moderately wounded.
You hit Terence but do no damage.
Terence is moderately wounded.
Terence closely misses you.
You hit Terence but do no damage.
Terence is moderately wounded.
Terence hits you with a +2 flail of holy wrath!
You hit Terence. You freeze Terence.
Terence is heavily wounded.
You hit Terence but do no damage.
Terence is heavily wounded.
Terence hits you with a +2 flail of holy wrath.
You hit Terence but do no damage. Your punch misses Terence.
Terence is heavily wounded.
Terence hits you with a +2 flail of holy wrath!
* * * LOW HITPOINT WARNING * * *
You are too injured to fight recklessly!
You are too injured to fight recklessly!
You are too injured to fight recklessly!
You closely miss Terence.
Terence is heavily wounded.
Terence drinks a potion.
Terence is healed!
You puncture Terence! You freeze Terence.
Terence is heavily wounded.
Terence hits you with a +2 flail of holy wrath!
You die...

#..##.....#
...#..###.#### .
.............#######.
.................>..
.#.....).###.#.##..#
....^##........##..# ##
.........#....# #..# ..
...####.##....###K.#.####
##### #..'......@@...(.(.
)... ####....##..##.###
.)# #....##..##.# ..#
#...........# ..#
#............# ..#
#............# ..#
#............# ..#
#............# ..#
.....#........#


You could see Terence and a kobold.

Vanquished Creatures
  A worm (D:2)
  2 dart slugs
  4 endoplasms
  A giant cockroach (D:1)
  2 hobgoblins
  4 jackals (D:1)
  2 quokkas (D:2)
  8 ball pythons
  2 bats (D:1)
  3 goblins
  2 kobolds
  2 rats
33 creatures vanquished.

Notes
Turn   | Place    | Note
-------+----------+-------------------------------------------
     0 | D:1      | nickcage the Merfolk Gladiator began the quest for the Orb.
     0 | D:1      | Reached XP level 1. HP: 16/16 MP: 1/1
    93 | D:1      | Reached XP level 2. HP: 17/22 MP: 2/2
   271 | D:1      | Reached skill level 5 in Polearms
   969 | D:1      | Found a faded altar of an unknown god.
  1214 | D:2      | Reached XP level 3. HP: 22/27 MP: 3/3
  1318 | D:2      | Identified the +2 spear of Causality {freeze, Dex+2}
  1548 | D:2      | Reached skill level 6 in Polearms
  1687 | D:2      | Noticed Terence
  1704 | D:2      | Slain by Terence

Illustrated notes

Levels and vault maps discovered:
D:1:      sevenhm_arrival_forest_fort_small_3, layout_basic,
          shapermc_ecumenical_altar_mp_highgroup, item_on_display_a
D:2:      layout_basic, uniq_terence

Skill      XL: |  1  2  3 |
---------------+----------+-----
Polearms       | 5 6 |  6.0
Fighting       | |  2.1
Throwing       | |  2.0
Dodging        | |  4.0

Action                   || total
-------------------------++-------
Melee: Trident           ||    86
       Punch             ||     1
       Spear             ||    38
Throw: Throwing net      ||     2
       Javelin           ||     1
 Stab: Sleeping          ||     2
Armor: Leather armour    ||    15
Dodge: Dodged            ||    64
